 Dungeon Crawl Stone Soup version 0.19.4-8-ga85b6b9 (webtiles) character file.

20510 JeffiDaFish the Blocker (level 12, -2/77 HPs)
             Began as a Gargoyle Fighter on Feb 11, 2017.
             Was an Elder of Makhleb.
             Slain by a blink frog (6 damage)
             ... on level 1 of the Lair of Beasts on Feb 14, 2017.
             The game lasted 00:26:52 (9309 turns).

JeffiDaFish the Blocker (Gargoyle Fighter)          Turns: 9309, Time: 00:26:53

Health: -2/77      AC: 28    Str: 26    XL:     12   Next: 80%
Magic:  19/19      EV:  5    Int: 10    God:    Makhleb [****..]
Gold:   342        SH: 19    Dex: 12    Spells: 2 memorised, 14 levels left

rFire  . . .     SeeInvis .     a - +1 flail (flame)
rCold  + . .     Gourm    .     k - +0 plate armour
rNeg   + . .     Faith    +     h - +0 large shield
rPois  ∞         Spirit   .     q - +2 helmet
rElec  +         Reflect  .     (no cloak)
rCorr  .         Harm     .     c - +1 pair of gloves
MR     +....                    (no boots)
Stlth  ..........               n - amulet of faith
                                d - ring of protection from cold
                                e - ring of protection from magic

@: mighty
A: blink, negative energy resistance 1, electricity resistance, wild magic 1,
unbreathing, petrification resistance, rot immunity, AC +8
a: Blink, Minor Destruction, Lesser Servant of Makhleb, Major Destruction,
Renounce Religion


You were on level 1 of the Lair of Beasts.
You worshipped Makhleb.
Makhleb was greatly pleased with you.
You were not hungry.

You visited 3 branches of the dungeon, and saw 13 of its levels.

You collected 596 gold pieces.
You spent 254 gold pieces at shops.

Inventory:

Hand Weapons
 a - a +1 flail of flaming (weapon)
 B - a +0 whip of electrocution
Armour
 c - a +1 pair of gloves (worn)
 h - a +0 large shield (worn)
 k - a +0 plate armour (worn)
 q - a +2 helmet (worn)
Jewellery
 d - a ring of protection from cold (right hand)
 e - a ring of protection from magic (left hand)
 n - an amulet of faith (around neck)
Wands
 z - a wand of flame (18/48)
Scrolls
 i - 7 scrolls of teleportation
 m - 10 scrolls of identify
 s - 5 scrolls of remove curse
 u - 3 scrolls of blinking
 x - 4 scrolls of fear
 A - 3 scrolls of magic mapping
 C - a scroll of amnesia
Potions
 j - 3 potions of magic
 r - 2 potions of cure mutation
 D - 2 potions of agility
Books
 t - a book of Maledictions

   Spells                             Type                      Level
   a - Corona                         Hexes                        1
   b - Ensorcelled Hibernation        Hexes/Ice                    2
   c - Confuse                        Hexes                        3
   d - Tukima's Dance                 Hexes                        3
   e - Dazzling Spray                 Conjuration/Hexes            3
 y - a book of Minor Magic

   Spells                             Type                      Level
   a - Magic Dart                     Conjuration                  1
   b - Blink                          Translocation                2
   c - Call Imp                       Summoning                    2
   d - Repel Missiles                 Charms/Air                   2
   e - Slow                           Hexes                        2
   f - Conjure Flame                  Conjuration/Fire             3
   g - Mephitic Cloud                 Conjuration/Poison/Air       3
Comestibles
 b - 4 meat rations
 f - 10 bread rations
 p - a royal jelly
 v - a beef jerky
 w - a slice of pizza
 F - 22 fruits


   Skills:
 * Level 9.9 Fighting
 * Level 10.0 Maces & Flails
 * Level 9.1 Armour
 - Level 1.0 Dodging
 - Level 1.2 Stealth
 * Level 11.9 Shields
 + Level 4.7 Spellcasting
 + Level 5.4 Conjurations
 + Level 3.6 Air Magic
 + Level 4.8 Poison Magic


You had 14 spell levels left.
You knew the following spells:

 Your Spells              Type           Power        Failure   Level  Hunger
a - Confuse               Hex            #.......     100%        3    ###....
b - Mephitic Cloud        Conj/Pois/Air  ###.....     100%        3    ###....


Dungeon Overview and Level Annotations

Branches:
Dungeon (11/15)            Temple (1/1) D:5            Lair (1/6) D:10
    Orc: D:9-12

Altars:
Ashenzari
Cheibriados
Dithmenos
Elyvilon
Fedhas
Gozag
Hepliaklqana
Kikubaaqudgha
Makhleb
Nemelex Xobeh
Okawaru
Qazlal
Ru
Sif Muna
Trog
Uskayaw
Vehumet
Yredelemnul
Zin
The Shining One

Shops:
D:9 ?   D:10 [


Innate Abilities, Weirdness & Mutations

You are resistant to torment.
Your stone body is resilient. (AC +8)
You are immune to poison.
You resist negative energy. (rN+)
You are resistant to electric shocks. (rElec)
You can survive without breathing.
You are immune to petrification.
You are immune to rotting.
You can translocate small distances at will.
Your spells are a little harder to cast, but a little more powerful.


Message History

The blink frog hits you but does no damage.
You miss the blink frog. The blink frog barely misses you.
The blink frog hits you but does no damage.
The blink frog blinks!
You sock the blink frog! You burn the blink frog.
The blink frog is heavily wounded.
The blink frog hits you!
* * * LOW HITPOINT WARNING * * *
The blink frog hits you!
* * * LOW HITPOINT WARNING * * *
Your plate armour prevents you from hitting the blink frog.
The blink frog is heavily wounded.
You block the blink frog's attack. x2
You sock the blink frog! You burn the blink frog.
The blink frog is heavily wounded.
You block the blink frog's attack. x2
You miss the blink frog.
The blink frog is heavily wounded.
You block the blink frog's attack. x3; The blink frog hits you.
You die...

## ##......
##.......F.
##..........
##......##..#
##.......#..#
##FF.........#
#@#..........#
#..#F........#
.......F....<..##
....>..........##
...........$...#
.............###
...........#.#
..........####
.........#


You could see 4 blink frogs.

Vanquished Creatures
  The ghost of grimtooth the Destroyer, a journeyman HuFE of Ashenzari (D:10)
  2 unseen horrors (D:10)
  Pikel (D:7)
  A troll (D:9)
  2 hornets (D:9)
  A two-headed ogre (D:8)
  3 hippogriffs
  A blink frog (Lair:1)
  12 yaks
  Sigmund (D:4)
  A wyvern (D:9)
  2 hungry ghosts
  Eustachio (D:4)
  A basilisk (D:10)
  2 hell hounds (D:10)
  Duvessa (D:7)
  2 ice beasts (D:8)
  4 orc warriors
  3 sky beasts
  5 phantoms
  5 ogres
  A necrophage (D:9)
  5 centaurs
  A crocodile (Lair:1)
  A big kobold (D:9)
  3 bullfrogs
  Dowan (D:7)
  A water moccasin zombie (D:7)
  A water moccasin skeleton (D:9)
  5 killer bees
  3 scorpions
  3 wights (D:8)
  6 howler monkeys
  2 crimson imps
  4 hounds
  6 orc wizards
  A gnoll shaman (D:6)
  5 orc priests
  3 bullfrog skeletons
  A centaur skeleton (D:8)
  An iguana (D:3)
  10 worker ants
  Ijyb (D:2)
  A centaur simulacrum (D:8)
  2 hound skeletons
  A killer bee simulacrum (D:8)
  A mummy (D:7)
  13 gnolls
  6 adders
  A shadow imp (D:9)
  An ufetubus (D:8)
  2 oozes
  2 adder zombies
  2 adder skeletons
  2 worms
  6 dart slugs
  An adder simulacrum (D:8)
  3 leopard geckos
  32 orcs
  4 ball pythons
  7 giant cockroaches
  7 goblins
  10 hobgoblins
  12 jackals
  6 kobolds
  3 quokkas
  6 bats
  6 frilled lizards
  A kobold zombie (D:7)
  3 orc zombies (D:7)
  12 rats
270 creatures vanquished.

Vanquished Creatures (others)
  A slave (D:7)
  A hungry ghost (D:7)
  A jelly (D:7)
  2 orc wizards (D:6)
5 creatures vanquished.

Grand Total: 275 creatures vanquished

Notes
Turn   | Place    | Note
-------+----------+-------------------------------------------
     0 | D:1      | JeffiDaFish the Gargoyle Fighter began the quest for the Orb.
     0 | D:1      | Reached XP level 1. HP: 14/14 MP: 1/1
   193 | D:1      | Reached XP level 2. HP: 17/19 MP: 2/2
   356 | D:1      | Reached XP level 3. HP: 19/23 MP: 3/3
   451 | D:1      | Gained mutation: You are partially covered in slimy green scales. (AC +2) [potion of beneficial mutation]
   919 | D:2      | Reached skill level 4 in Shields
   955 | D:2      | Reached XP level 4. HP: 22/29 MP: 4/4
  1085 | D:2      | Noticed Ijyb
  1101 | D:2      | Killed Ijyb
  1623 | D:3      | Reached XP level 5. HP: 19/33 MP: 5/5
  1830 | D:3      | Gained mutation: Your body sometimes deteriorates upon taking damage. [potion of mutation]
  1830 | D:3      | Gained mutation: You can translocate small distances at will. [potion of mutation]
  1830 | D:3      | Gained mutation: Your spells are a little harder to cast, but a little more powerful. [potion of mutation]
  1889 | D:3      | Lost mutation: You are partially covered in slimy green scales. (AC +2) [potion of cure mutation]
  1889 | D:3      | Lost mutation: Your body sometimes deteriorates upon taking damage. [potion of cure mutation]
  2170 | D:3      | Learned a level 3 spell: Confuse
  2188 | D:3      | Found an opulent altar of Gozag.
  2189 | D:3      | Found a sparkling altar of Nemelex Xobeh.
  2254 | D:4      | Found a basalt altar of Yredelemnul.
  2426 | D:4      | Noticed Sigmund
  2436 | D:4      | Killed Sigmund
  2436 | D:4      | Reached skill level 5 in Shields
  2436 | D:4      | Reached XP level 6. HP: 19/38 MP: 6/6
  2508 | D:4      | Noticed a phantom
  2547 | D:4      | Killed a phantom
  2547 | D:4      | Reached XP level 7. HP: 29/43 MP: 7/7
  2729 | D:4      | Noticed Eustachio
  2800 | D:4      | Killed Eustachio
  2800 | D:4      | Reached skill level 5 in Maces & Flails
  2800 | D:4      | Reached skill level 6 in Shields
  3085 | D:4      | Found an ancient bone altar of Kikubaaqudgha.
  3179 | D:5      | Entered Level 5 of the Dungeon
  3211 | D:5      | Found a white marble altar of Elyvilon.
  3311 | D:5      | Reached skill level 1 in Dodging
  3373 | D:5      | Reached XP level 8. HP: 36/48 MP: 8/8
  3474 | D:5      | Reached skill level 5 in Armour
  3801 | D:5      | Reached skill level 7 in Shields
  3906 | D:5      | Found a blossoming altar of Fedhas.
  3906 | D:5      | Found a faded altar of an unknown god.
  3911 | D:5      | Found a faded altar of an unknown god.
  3913 | D:5      | Found a snail-covered altar of Cheibriados.
  3915 | D:5      | Found a faded altar of an unknown god.
  3971 | D:5      | Found a staircase to the Ecumenical Temple.
  4228 | Temple   | Entered the Ecumenical Temple
  4428 | Temple   | Became a worshipper of Makhleb the Destroyer
  4599 | D:6      | Found a sacrificial altar of Ru.
  4630 | D:6      | Reached skill level 1 in Stealth
  4648 | D:6      | Reached skill level 8 in Shields
  4925 | D:6      | Reached XP level 9. HP: 52/53 MP: 9/9
  4949 | D:6      | Reached * piety under Makhleb
  5254 | D:6      | Found a bloodstained altar of Trog.
  5521 | D:7      | Learned a level 3 spell: Mephitic Cloud
  5562 | D:7      | Noticed Pikel
  5584 | D:7      | Killed Pikel
  5584 | D:7      | Reached skill level 5 in Fighting
  5584 | D:7      | Reached skill level 9 in Shields
  5584 | D:7      | Reached skill level 1 in Poison Magic
  5808 | D:7      | Reached skill level 1 in Conjurations
  5812 | D:7      | Reached skill level 1 in Air Magic
  5856 | D:7      | Reached ** piety under Makhleb
  6404 | D:7      | Noticed Duvessa
  6406 | D:7      | Noticed Dowan
  6416 | D:7      | Killed Duvessa
  6416 | D:7      | Reached skill level 1 in Spellcasting
  6432 | D:7      | Killed Dowan
  6522 | D:7      | Reached skill level 10 in Shields
  6522 | D:7      | Reached XP level 10. HP: 64/64 MP: 10/14
  6523 | D:7      | Reached skill level 11 in Shields
  6523 | D:7      | Reached XP level 11. HP: 69/69 MP: 10/16
  6692 | D:8      | Reached XP level 12. HP: 70/75 MP: 17/17
  6949 | D:8      | Reached *** piety under Makhleb
  7422 | D:9      | Reached skill level 5 in Conjurations
  7444 | D:9      | Found Cenean's Magic Scroll Shoppe.
  7468 | D:9      | Bought a scroll of enchant armour for 127 gold pieces
  7468 | D:9      | Bought a scroll of enchant weapon for 127 gold pieces
  7694 | D:9      | Reached **** piety under Makhleb
  7779 | D:9      | Found a glowing golden altar of the Shining One.
  8015 | D:10     | Entered Level 10 of the Dungeon
  8229 | D:10     | Noticed grimtooth's ghost (journeyman HuFE)
  8229 | D:10     | Found a staircase to the Lair.
  8247 | D:10     | Killed grimtooth's ghost
  8959 | D:10     | Found Doxtem's Armour Shop.
  8992 | D:10     | Reached skill level 10 in Maces & Flails
  9240 | Lair:1   | Entered Level 1 of the Lair of Beasts
  9306 | Lair:1   | HP: 3/77 [blink frog (9)]
  9309 | Lair:1   | Slain by a blink frog

Skill      XL: |  1  2  3  4  5  6  7  8  9 10 11 12 |
---------------+-------------------------------------+-----
Shields        | 4 5 6 8 10 11 | 11.9
Maces & Flails | 3 4 5 6 8 9 10 | 10.0
Armour         | 4 5 8 9 |  9.1
Fighting       | 4 7 8 9 |  9.9
Dodging        | 1 |  1.0
Stealth        | 1 |  1.2
Poison Magic   | 3 4 |  4.8
Conjurations   | 3 4 5 |  5.4
Air Magic      | 2 3 |  3.6
Spellcasting   | 2 3 4 |  4.7

Action                   |  1- 3 |  4- 6 |  7- 9 | 10-12 || total
-------------------------+-------+-------+-------+-------++-------
Melee: Flail             |   138 |   275 |   425 |   548 ||  1386
       Whip              |       |       |   228 |    31 ||   259
  Use: Potion            |     4 |     8 |     2 |     8 ||    22
       Scroll            |     4 |     5 |     4 |     4 ||    17
  Eat: Chunk             |       |     6 |    14 |     9 ||    29
       Beef jerky        |       |       |     1 |       ||     1
       Fruit             |       |       |       |     2 ||     2
Armor: Scale mail        |    35 |       |       |       ||    35
       Chain mail        |    48 |   143 |   111 |       ||   302
       Plate armour      |       |       |   281 |   509 ||   790
Dodge: Dodged            |    23 |    32 |    54 |    86 ||   195
Block: Large shield      |   118 |   193 |   573 |   677 ||  1561
       Shield            |     6 |       |       |       ||     6
